 Dungeon Crawl Stone Soup version 0.28-a0-1199-gef9e1dbd39 (webtiles) character file.

Game seed: 13163615833773434864

0 Gargoyl the Skirmisher (level 1, -7/23 HPs)
             Began as a Gnoll Abyssal Knight on Dec 19, 2021.
             Was a Follower of Lugonu.
             Mangled by a large abomination (27 damage)
             ... on level 2 of the Abyss.
             The game lasted 00:00:18 (115 turns).

Gargoyl the Skirmisher (Gnoll Abyssal Knight)        Turns: 115, Time: 00:00:18

Health: -7/23      AC:  3    Str: 12    XL:     1   Next: 0%
Magic:  3/3        EV: 12    Int:  9    God:    Lugonu [*.....]
Gold:   66         SH:  0    Dex: 12    Spells: 0/0 levels left

rFire   . . .      SeeInvis .   a - +1 hand axe
rCold   . . .      Faith    .   (no shield)
rNeg    . . .      Spirit   .   b - +0 leather armour
rPois   .          Reflect  .   (no helmet)
rElec   .          Harm     .   (no cloak)
rCorr   .          Rampage  .   (no gloves)
Will    .....                   (no boots)
Stlth   +.........              (no amulet)
HPRegen 0.07/turn               (no ring)
MPRegen 0.08/turn               (no ring)

@: no status effects
A: fangs 1, strong nose, distributed training
a: Renounce Religion, Depart the Abyss


You were on level 2 of the Abyss.
You worshipped Lugonu.
Lugonu was aware of your devotion.
You visited 0 branches of the dungeon, and saw 0 of its levels.
You visited the Abyss 1 time.

You collected 66 gold pieces.

Inventory:

Hand Weapons
 a - a +1 hand axe (weapon)
Armour
 b - a +0 leather armour (worn)
Potions
 c - a potion of heal wounds {unknown}


   Skills:
 + Level 6.4 Fighting
 + Level 0.0 Short Blades
 + Level 0.0 Long Blades
 + Level 4.4 Axes
 + Level 0.0 Maces & Flails
 + Level 0.0 Polearms
 + Level 0.0 Staves
 + Level 0.0 Slings
 + Level 0.0 Bows
 + Level 0.0 Crossbows
 + Level 0.0 Throwing
 + Level 4.4 Armour
 + Level 2.3 Dodging
 + Level 0.0 Stealth
 + Level 0.0 Shields
 + Level 0.0 Unarmed Combat
 + Level 0.0 Spellcasting
 + Level 0.0 Conjurations
 + Level 0.0 Hexes
 + Level 0.0 Summonings
 + Level 0.0 Necromancy
 + Level 0.0 Translocations
 + Level 0.0 Transmutations
 + Level 0.0 Fire Magic
 + Level 0.0 Ice Magic
 + Level 0.0 Air Magic
 + Level 0.0 Earth Magic
 + Level 0.0 Poison Magic
 + Level 4.4 Invocations
 + Level 0.0 Evocations


You couldn't memorise any spells.
You didn't know any spells.
Your spell library was empty.

Dungeon Overview and Level Annotations

Branches:
Dungeon (0/15)

Altars:


Innate Abilities, Weirdness & Mutations

You have very sharp teeth.
Your uncanny sense of smell can sniff out nearby items.
Your experience applies equally to all skills.


Message History

The splendid Orb of Zot lies far below, as if waiting for you to find it.
Lugonu says: Depart the Abyss and spread corruption, my servant! (use the ability menu to exit the Abyss) Press ? for a list of commands and other information.
Found 25 stones.
Found a corrupted altar of Lugonu.
Unknown command.
Press < or > to pray at altars.
Found a kite shield.
You now have 13 gold pieces.
c - a silvery potion
Found a gateway leading out of the Abyss.
You open the gate. 3 spatial vortices come into view.
Found a gateway leading deeper into the Abyss.
There are monsters nearby!
There are monsters nearby!
Unknown command.
There is an open gate here.
The spatial vortex misses you. The spatial vortex hits you!
There is a gateway leading deeper into the Abyss here.
You plunge deeper into the Abyss.
A tentacled starspawn assembles itself!
Found a gateway leading out of the Abyss.
Tentacles burst from the starspawn's body! 2 starspawn tentacles come into view.
Found 53 gold pieces.
A tentacled starspawn comes into view.
You see here 53 gold pieces.
A tentacled starspawn is nearby!
You now have 66 gold pieces (gained 53).
A large abomination comes into view.
A tentacle flies out from the starspawn's body!
A starspawn tentacle comes into view.
A small abomination comes into view.
A large abomination comes into view.
A wretched star comes into view.
An iron imp comes into view.
The iron imp shouts, "Quail, thou grime-gilt toad-spotted pignut!"
The large abomination hits you!!
Ouch! That really hurt!
You die...

....##.....5##.
................
......*..........
.................∆
.................
...................
....................
#X@....# .....
#......##.....
#.....#.X#.#..x.#
.....#.##.#..#..#
..#....# #.x...#
##.##.# #..#..# ..
...#.. #...###.##
#.. #. ##
##.#.....## . #
.#...#..# ..


You could see a wretched star, 2 large abominations, a small abomination and an
iron imp.

Vanquished Creatures (others)
  4 starspawn tentacles (Abyss:2)
4 creatures vanquished.

Notes
Turn   | Place    | Note
-------+----------+-------------------------------------------
     0 | Abyss:1  | Gargoyl the Gnoll Abyssal Knight began the quest for the
                  | Orb.
     0 | Abyss:1  | Reached XP level 1. HP: 23/23 MP: 3/3
    58 | Abyss:1  | Noticed a spatial vortex
    58 | Abyss:1  | Noticed a spatial vortex
    58 | Abyss:1  | Noticed a spatial vortex
    66 | Abyss:2  | Noticed a tentacled starspawn
    95 | Abyss:2  | Noticed a tentacled starspawn
   102 | Abyss:2  | Noticed a large abomination
   111 | Abyss:2  | Noticed a small abomination
   113 | Abyss:2  | Noticed a large abomination
   114 | Abyss:2  | Noticed a wretched star
   115 | Abyss:2  | Noticed an iron imp
   115 | Abyss:2  | Mangled by a large abomination

Illustrated notes

Levels and vault maps discovered:
Abyss:2:  base: Temple, evilmike_abyss_exit_11

Action                   || total
-------------------------++-------
Dodge: Dodged            ||     1

Table legend: (Time is in decaauts)
 A = Elapsed time spent in this place.
 B = Non-inter-level travel time spent in this place.
 C = Inter-level travel time spent in this place.
 D = Time resting spent in this place.
 E = Time spent auto-exploring this place.
 F = Levels seen in this place.
 G = Mean time per level.
                   A        B        C        D        E       F      G
               +--------+--------+--------+--------+--------+-----+--------+
         Total |    114 |    114 |      0 |      0 |     57 |   2 |   57.0 |
         Abyss |    114 |    114 |      0 |      0 |     57 |   2 |   57.0 |
               +--------+--------+--------+--------+--------+-----+--------+

Top non-repeatable levels by time:
 Abyss:1: 63 daAuts
 Abyss:2: 51 daAuts
